 Dungeon Crawl Stone Soup version 0.23-a0-344-ge122d05 (webtiles) character file.

1351 cultivahabas the Grappler (level 8, -2/81 HPs)
             Began as a Troll Monk on Oct 15, 2018.
             Was a Believer of Qazlal.
             Shot with a sling bullet by Joseph (5 damage)
             ... on level 7 of the Dungeon on Oct 19, 2018.
             The game lasted 00:07:58 (4553 turns).

cultivahabas the Grappler (Troll Monk)              Turns: 4553, Time: 00:07:59

Health: -2/81      AC:  5    Str: 20    XL:     8   Next: 36%
Magic:  7/7        EV: 10    Int:  8    God:    Qazlal [**....]
Gold:   265        SH:  2    Dex: 12    Spells: 7/7 levels left

rFire    . . .     SeeInvis .     - Unarmed
rCold    . . .     Gourm    +   (no shield)
rNeg     . . .     Faith    .   a - +0 robe
rPois    .         Spirit   .   (helmet restricted)
rElec    .         Reflect  .   (no cloak)
rCorr    +         Harm     .   (gloves unavailable)
MR       .....                  (boots unavailable)
Stlth    ++........             (no amulet)
HPRegen  0.63/turn              d - ring of stealth
MPRegen  0.10/turn              h - ring of resist corrosion

@: no status effects
A: large, unfitting armour, claws 3, fast metabolism 3, gourmand, regeneration
1, shaggy fur 1, tough skin 2
a: Upheaval, Renounce Religion


You were on level 7 of the Dungeon.
You worshipped Qazlal.
Qazlal was pleased with you.
You were not hungry.

You visited 2 branches of the dungeon, and saw 9 of its levels.

You collected 265 gold pieces.

Inventory:

Armour
 a - a +0 robe (worn)
Jewellery
 d - a ring of stealth (left claw)
 h - a ring of resist corrosion (right claw)
Wands
 q - a wand of flame (21)
Scrolls
 e - a scroll of amnesia
 f - a scroll of enchant weapon {unknown}
 g - 8 scrolls of teleportation
 n - a scroll of enchant armour {unknown}
 o - a scroll of remove curse
 p - 2 scrolls of identify
 r - a scroll of fog
Potions
 c - a potion of invisibility {unknown}
 i - a potion of berserk rage {unknown}
 j - 2 potions of flight {unknown}
 k - a potion of magic {unknown}
 l - 2 potions of curing {unknown}
 m - 4 potions of brilliance
Comestibles
 b - 17 rations


   Skills:
 + Level 5.4 Fighting
 - Level 2.4 Dodging
 - Level 1.0 Stealth
 + Level 9.0 Unarmed Combat
 * Level 0.0 Invocations


You had 7 spell levels left.
You didn't know any spells.
Your spell library was empty.

Dungeon Overview and Level Annotations

Branches:
Dungeon (8/15)             Temple (1/1) D:6
   Lair: D:8-11

Altars:
Ashenzari
Cheibriados
Dithmenos
Elyvilon
Fedhas
Gozag
Hepliaklqana
Kikubaaqudgha
Makhleb
Nemelex Xobeh
Okawaru
Qazlal
Ru
Sif Muna
Trog
Uskayaw
Vehumet
Wu Jian
Yredelemnul
Zin
The Shining One

Shops:
D:4 (

Annotations:
D:7 Joseph


Innate Abilities, Weirdness & Mutations

You are too large for most types of armour.
You have claws for hands.
Your metabolism is lightning-fast.
You like to eat raw meat.
Your natural rate of healing is unusually fast.
You are covered in fur. (AC +1)
You have very tough skin. (AC +2)


Message History

The phantom blinks!
An orc comes into view.
The ogre barely misses you.
The phantom blinks!
An orc comes into view. It is wielding a +0 falchion.
The phantom blinks!
Joseph shouts!
You hear an angry growl.
You hear a loud, deep croak!
You hear a shout!
Joseph shoots a sling bullet.
The sling bullet hits you!! The sling bullet burns you!
* * * LOW HITPOINT WARNING * * *
You see here a sling bullet.
Joseph shoots a sling bullet.
The sling bullet hits you!
* * * LOW HITPOINT WARNING * * *
The sling bullet burns you.
* * * LOW HITPOINT WARNING * * *
You see here a sling bullet.
Joseph shoots a sling bullet.
The sling bullet hits you!
* * * LOW HITPOINT WARNING * * *
The sling bullet burns you.
You die...

............# ......<.....#
#......# ............#
#......## ............#
#o...§... ............+
#........
............#########
#........
.....######........>#
#........ .....#
+......§..# +..o.....
.....# #.....@.O.# #......#
.....#
#......(.W#####......#
.....#
#.......(..oo...######
.....# #...............#
.....# #...............#
.....#..# #..@............+
######..####'###+###......#
............. ########
............


You could see Joseph, a phantom, an orc warrior, an ogre and an orc.

Vanquished Creatures
  2 ice beasts
  A phantom (D:6)
  2 ogres
  A centaur (D:6)
  A bullfrog (D:7)
  2 scorpions (D:4)
  2 crimson imps
  A bullfrog zombie (D:5)
  A centaur zombie (D:5)
  2 jellies
  2 centaur skeletons (D:4)
  3 hounds
  An orc priest (D:3)
  An orc wizard (D:3)
  3 worker ants
  A howler monkey skeleton (D:6)
  7 adders
  2 shadow imps
  4 worms
  A dart slug (D:1)
  A leopard gecko (D:1)
  7 orcs
  A ball python (D:6)
  6 giant cockroaches
  6 goblins
  5 hobgoblins
  6 jackals
  9 kobolds
  2 quokkas
  6 bats
  4 frilled lizards
  A leopard gecko zombie (D:5)
  A quokka zombie (D:7)
  9 rats
104 creatures vanquished.

Notes
Turn   | Place    | Note
-------+----------+-------------------------------------------
     0 | D:1      | cultivahabas the Troll Monk began the quest for the Orb.
     0 | D:1      | Reached XP level 1. HP: 22/22 MP: 0/0
    69 | D:1      | Reached XP level 2. HP: 29/29 MP: 1/1
   319 | D:1      | Reached XP level 3. HP: 33/36 MP: 2/2
   402 | D:1      | Reached skill level 4 in Unarmed Combat
  1079 | D:2      | Upgraded the game from 0.23-a0-321-g6bcb69f to
                  | 0.23-a0-344-ge122d05
  1280 | D:3      | Reached XP level 4. HP: 27/45 MP: 3/3
  1311 | D:3      | Reached skill level 5 in Unarmed Combat
  1606 | D:3      | Reached XP level 5. HP: 51/53 MP: 4/4
  1801 | D:4      | Found Cydeq's Weapon Shoppe.
  1801 | D:4      | Noticed an ogre
  1820 | D:4      | Killed an ogre
  1820 | D:4      | Reached XP level 6. HP: 28/62 MP: 5/5
  1823 | D:4      | Reached skill level 6 in Unarmed Combat
  2005 | D:4      | Found an ornate altar of the Wu Jian Council.
  2005 | D:4      | Found a sparkling altar of Nemelex Xobeh.
  2401 | D:5      | Entered Level 5 of the Dungeon
  2402 | D:5      | Noticed an ice beast
  2410 | D:5      | Killed an ice beast
  2410 | D:5      | Reached skill level 7 in Unarmed Combat
  2410 | D:5      | Reached XP level 7. HP: 42/71 MP: 6/6
  2868 | D:5      | Found a snail-covered altar of Cheibriados.
  3023 | D:6      | Found a deep blue altar of Sif Muna.
  3213 | D:6      | Found a staircase to the Ecumenical Temple.
  3232 | D:6      | Noticed a moth of wrath
  3235 | D:6      | Found a bloodstained altar of Trog.
  3243 | D:6      | Reached skill level 8 in Unarmed Combat
  3558 | D:6      | Reached skill level 5 in Fighting
  3558 | D:6      | Reached XP level 8. HP: 56/80 MP: 7/7
  4164 | Temple   | Entered the Ecumenical Temple
  4264 | Temple   | Became a worshipper of Qazlal Stormbringer
  4264 | Temple   | Reached * piety under Qazlal
  4264 | Temple   | Reached ** piety under Qazlal
  4385 | D:7      | Found a radiant altar of Vehumet.
  4442 | D:7      | Noticed Joseph
  4519 | D:7      | Reached skill level 9 in Unarmed Combat
  4553 | D:7      | HP: 3/81 [Joseph/sling bullet (13)]
  4553 | D:7      | Shot with a sling bullet by Joseph

Vault maps used:
D:1:      evilmike_arrival_plus
D:2:      minmay_misc_feat_chi
D:4:      gammafunk_temple_overflow_elements, serial_shops, shop, first_ration,
          minmay_box_of_dots
D:5:      kennysheep_little_box
D:6:      tgw_trog, minmay_temple_entry_overgrown, basic_altar
D:7:      fiery_altar_vehumet, basic_altar, uniq_joseph
D:8:      kennysheep_mini_moat, minmay_misc_feat_columns
Temple:   regret_index_temple_sphere_string

Skill      XL: |  1  2  3  4  5  6  7  8 |
---------------+-------------------------+-----
Unarmed Combat | 4 5 7 8 9 |  9.0
Fighting       | 3 4 5 |  5.4
Dodging        | |  2.4
Stealth        | |  1.0

Action                   |  1- 3 |  4- 6 |  7- 9 || total
-------------------------+-------+-------+-------++-------
Melee: Unarmed           |   103 |   108 |   104 ||   315
       Punch             |     3 |     5 |     6 ||    14
  Use: Scroll            |       |     6 |     3 ||     9
 Stab: Sleeping          |     1 |     1 |     2 ||     4
       Distracted        |       |     1 |       ||     1
  Eat: Chunk             |    17 |     9 |    13 ||    39
Armor: Robe              |    46 |    25 |    25 ||    96
Dodge: Dodged            |    64 |    45 |    48 ||   157
Block: Other             |       |       |     4 ||     4

Table legend:
 A = Non-vault XP
 B = Vault XP
 C = Vault XP percentage of total XP
 D = Non-vault monster count
 E = Vault monster count
 F = Vault count percentage of total count
                 A         B        C        D         E       F
            +---------+---------+-------+---------+---------+-------
      Total |    1700 |     230 |  11.9 |      95 |       9 |   8.7
            +---------+---------+-------+---------+---------+-------
        D:1 |      53 |       0 |   0.0 |      31 |       0 |   0.0
        D:2 |      15 |       0 |   0.0 |       9 |       0 |   0.0
        D:3 |     133 |       0 |   0.0 |      15 |       0 |   0.0
        D:4 |     305 |     214 |  41.2 |      13 |       4 |  23.5
        D:5 |     361 |       0 |   0.0 |      10 |       0 |   0.0
        D:6 |     512 |      16 |   3.0 |      11 |       5 |  31.2
        D:7 |     235 |       0 |   0.0 |       4 |       0 |   0.0
        D:8 |      86 |       0 |   0.0 |       2 |       0 |   0.0
            +---------+---------+-------+---------+---------+-------
